 Dungeon Crawl Stone Soup version 0.19-a0-682-g708bd0e (webtiles) character file.

249 TheGoonsmith the Cudgeler (level 5, 0/42 HPs)
             Began as a Demonspawn Gladiator on June 17, 2016.
             Was an Initiate of Ru.
             Slain by a gnoll
             ... wielding a +0 whip
              (5 damage)
             ... on level 3 of the Dungeon.
             The game lasted 00:07:10 (3319 turns).

TheGoonsmith the Cudgeler (Demonspawn Gladiator)    Turns: 3319, Time: 00:07:11

Health: 0/42       AC:  9    Str: 16    XL:     5   Next: 87%
Magic:  5/5        EV: 10    Int: 10    God:    Ru [......]
Gold:   180        SH:  0    Dex: 13    Spells: 0 memorised, 4 levels left

rFire  . . .     SeeInvis .     A - +0 morningstar
rCold  . . .     Gourm    .     w - +1 scale mail {rPois}
rNeg   . . .     Faith    .     (no shield)
rPois  +         Spirit   .     k - +0 helmet
rElec  .         Dismiss  .     i - +0 cloak
rCorr  .         Reflect  .     (no gloves)
SustAt .         Harm     .     (no boots)
MR     .....                    (no amulet)
Stlth  ..........               (no ring)
                                (no ring)

@: not resistant to hostile enchantments, extremely unstealthy
A: talons 2
a: Renounce Religion


You were on level 3 of the Dungeon.
You worshipped Ru.
Ru was noncommittal.
You were not hungry.

You visited 1 branch of the dungeon, and saw 3 of its levels.

You collected 180 gold pieces.

Inventory:

Hand Weapons
 a - a +0 flail
 A - a +0 morningstar (weapon)
Missiles
 d - 3 throwing nets (quivered)
Armour
 b - a +0 leather armour
 c - a +0 helmet
 e - a +0 chain mail
 i - a +0 cloak (worn)
 k - a +0 helmet (worn)
 w - a +1 scale mail of poison resistance (worn)
Wands
 x - a wand of digging (16/24)
Scrolls
 j - 3 scrolls of teleportation {unknown}
 l - a scroll of enchant weapon {unknown}
 n - 4 scrolls of remove curse {unknown}
 p - 3 scrolls of identify {unknown}
 q - a scroll of enchant armour {unknown}
 r - a scroll of noise {unknown}
 t - a scroll of blinking {unknown}
 u - 2 scrolls of fear {unknown}
 y - a scroll of amnesia {unknown}
Potions
 h - a potion of brilliance {unknown}
 m - a potion of resistance {unknown}
 o - a potion of might {unknown}
 s - a potion of heal wounds {unknown}
Comestibles
 f - 4 bread rations
 g - a beef jerky
 v - 2 chunks of flesh
 z - a meat ration


   Skills:
 + Level 3.9 Fighting
 * Level 5.1 Maces & Flails
 - Level 1.7 Throwing
 - Level 2.6 Dodging


You had 4 spell levels left.
You didn't know any spells.

Dungeon Overview and Level Annotations

Branches:
Dungeon (3/15)

Altars:
Okawaru
Ru
Sif Muna
Xom


Innate Abilities, Weirdness & Mutations

You have razor-sharp toenails.


Message History

You hit the gnoll. Your kick misses the gnoll.
The gnoll is almost dead.
The gnoll closely misses you. x2
The gnoll hits you from afar with a spear!
* * * LOW HITPOINT WARNING * * *
You are too injured to fight recklessly!
You puncture the gnoll!
You kill the gnoll!
The gnoll misses you. The gnoll hits you but does no damage.
You barely miss the gnoll. The gnoll hits you but does no damage.
The gnoll barely misses you.
You puncture the gnoll! Your kick misses the gnoll.
The gnoll is almost dead.
The gnoll hits you from afar with a spear!
* * * LOW HITPOINT WARNING * * *
The gnoll hits you but does no damage.
You barely miss the gnoll.
The gnoll is almost dead.
The gnoll closely misses you. The gnoll hits you with a whip.
You die...

.# .# .# .# .#
#.# # #.# #.#
#####g###.# #.#
..!...g@..# #.#
......##.#.##.#
#######.###.#.#
#.## ##..#
##.###.#.#
##.#..#(#######
##.#.#.......#
####.#.#######.#
#...[#.### #.###


You could see 2 gnolls.

Vanquished Creatures
  Ijyb (D:3)
  Natasha (thrice) (D:3)
  A gnoll (D:3)
  6 adders
  2 worms (D:2)
  3 dart slugs
  A giant gecko (D:3)
  4 orcs (D:3)
  3 bats
  4 giant cockroaches
  8 goblins
  7 hobgoblins
  5 jackals (D:2)
  9 kobolds
  A quokka (D:2)
  A ball python (D:3)
  5 giant newts
  9 rats
73 creatures vanquished.

Notes
Turn   | Place    | Note
--------------------------------------------------------------
     0 | D:1      | TheGoonsmith the Demonspawn Gladiator began the quest for the Orb.
     0 | D:1      | Reached XP level 1. HP: 16/16 MP: 1/1
   140 | D:1      | Reached skill level 3 in Maces & Flails
   162 | D:1      | Gained mutation: You have sharp toenails. [demonic ancestry]
   162 | D:1      | Reached XP level 2. HP: 22/22 MP: 2/2
   675 | D:2      | Gained mutation: You have razor-sharp toenails. [demonic ancestry]
   675 | D:2      | Reached XP level 3. HP: 19/28 MP: 3/3
   944 | D:2      | Found a sacrificial altar of Ru.
  1334 | D:2      | Found a shimmering altar of Xom.
  1337 | D:2      | Found a deep blue altar of Sif Muna.
  1340 | D:2      | Found an iron altar of Okawaru.
  1372 | D:2      | Became a worshipper of Ru the Awakened
  1646 | D:2      | Reached XP level 4. HP: 35/35 MP: 4/4
  1724 | D:2      | Reached skill level 4 in Maces & Flails
  2368 | D:3      | Noticed Natasha
  2375 | D:3      | Killed Natasha
  2391 | D:3      | Noticed Natasha
  2400 | D:3      | Killed Natasha
  2400 | D:3      | Reached XP level 5. HP: 6/41 MP: 5/5
  2515 | D:3      | Noticed Natasha
  2530 | D:3      | HP: 3/61 [Natasha (5)]
  2533 | D:3      | Killed Natasha
  3004 | D:3      | Noticed Ijyb
  3011 | D:3      | Killed Ijyb
  3040 | D:3      | Reached skill level 5 in Maces & Flails
  3319 | D:3      | Slain by a gnoll

Vault maps used:
D:1:      mrwooster_arrival_statue_3, minivault_26, feat_on_display
D:2:      grunt_temple_overflow_cloverleaf
D:3:      uniq_natasha, uniq_iyjb

Skill      XL: |  1  2  3  4  5 |
---------------+----------------+-----
Maces & Flails | 3 4 5 |  5.1
Fighting       | 3 |  3.9
Throwing       | |  1.7
Dodging        | |  2.6

Action                   |  1- 3 |  4- 6 || total
-------------------------+-------+-------++-------
Melee: Flail             |   135 |   132 ||   267
       Kick              |    19 |    22 ||    41
       Morningstar       |       |    14 ||    14
  Use: Potion            |       |     1 ||     1
  Eat: Chunk             |     3 |     5 ||     8
Armor: Leather armour    |    44 |    29 ||    73
       Scale mail        |       |    23 ||    23
       Chain mail        |       |     5 ||     5
       Skin              |       |     4 ||     4
Dodge: Dodged            |    94 |    87 ||   181
